 Dungeon Crawl Stone Soup version 0.20.1-1-g8b1a95d (webtiles) character file.

833 Peloso the Slasher (level 7, 0/54 HPs)
             Began as a Demonspawn Fighter on July 30, 2017.
             Succumbed to a hornet's poison
             ... on level 4 of the Dungeon.
             The game lasted 00:10:51 (3554 turns).

Peloso the Slasher (Demonspawn Fighter)             Turns: 3554, Time: 00:10:51

Health: 0/54       AC: 14    Str: 18    XL:     7   Next: 66%
Magic:  7/7        EV:  5    Int: 12    God:
Gold:   140        SH:  9    Dex: 14    Spells: 6/6 levels left

rFire    . . .     SeeInvis +   a - +0 long sword
rCold    . . .     Gourm    .   c - +0 shield
rNeg     . . .     Faith    .   m - +0 chain mail
rPois    .         Spirit   .   r - +1 helmet
rElec    .         Reflect  .   u - +1 cloak
rCorr    .         Harm     .   (no gloves)
MR       +....                  (no boots)
Stlth    ..........             (no amulet)
Regen    0.2/turn               j - ring of protection from magic
MPRegen  0.1/turn               (no ring)

@: lethally poisoned (0 -> -6)
A: talons 1, thin skeletal structure 1, see invisible, clever 1, mutation
resistance 1, nightstalker 1
a: no special abilities


You were on level 4 of the Dungeon.
You were not hungry.

You visited 1 branch of the dungeon, and saw 4 of its levels.

You collected 140 gold pieces.

Inventory:

Hand Weapons
 a - a +0 long sword (weapon)
Armour
 c - a +0 shield (worn)
 d - a cursed +0 chain mail
 m - a +0 chain mail (worn)
 r - a +1 helmet (worn)
 u - a +1 cloak (worn)
Jewellery
 j - a ring of protection from magic (left hand)
Scrolls
 b - a scroll of immolation {unknown}
 e - 2 scrolls of noise {unknown}
 g - 5 scrolls of teleportation {unknown}
 i - a scroll of recharging {unknown}
 k - a scroll of fog {unknown}
 l - 2 scrolls of remove curse {unknown}
 p - 5 scrolls of identify {unknown}
 t - a scroll of enchant weapon {unknown}
 x - a scroll of blinking {unknown}
Potions
 n - a potion of flight
Comestibles
 f - 6 bread rations
 h - a meat ration
 o - a fruit
 v - a royal jelly


   Skills:
 + Level 4.0 Fighting
 + Level 5.5 Long Blades
 + Level 4.5 Armour
 + Level 1.4 Dodging
 + Level 0.4 Stealth
 + Level 4.2 Shields


You had 6 spell levels left.
You didn't know any spells.

Dungeon Overview and Level Annotations

Branches:
Dungeon (4/15)
 Temple: D:4-7

Altars:
Makhleb
Trog
Yredelemnul
Zin


Innate Abilities, Weirdness & Mutations

You have sharp toenails.
You have a somewhat thin skeletal structure. (Dex +2, Stealth)
You are slightly more attuned to the shadows.
You have supernaturally acute eyesight. (SInv)
Your mind is acute. (Int +2)
You are somewhat resistant to further mutation.


Message History

You feel sick.
* * * LOW HITPOINT WARNING * * *
You feel sick.
* * * LOW HITPOINT WARNING * * *
You feel sick.
* * * LOW HITPOINT WARNING * * *
You feel sick.
* * * LOW HITPOINT WARNING * * *
You feel sick.
* * * LOW HITPOINT WARNING * * *
You feel sick.
You see here a leather armour.
* * * LOW HITPOINT WARNING * * *
You feel sick.
* * * LOW HITPOINT WARNING * * *
You feel sick.
You see here a glowing chain mail.
Unknown command.
d - a glowing chain mail You die...

.#..######### ##..#
#..# #..# #..# #..#
#..# #..# ######.. #..#
#....... #@# #.#
###.####.#
##.....##.###########
#.(?.[...............
...........(###########
###......#### #.%....#
#.###### #.


There were no monsters in sight!

Vanquished Creatures
  A hornet (D:4)
  Sigmund (D:3)
  An ogre (D:4)
  The ghost of tschems the Shield-Bearer, an amateur HuFi (D:3)
  2 howler monkeys
  A centaur skeleton (D:4)
  2 orc priests (D:3)
  Robin (D:2)
  4 adders
  An ooze (D:1)
  4 dart slugs
  A leopard gecko (D:1)
  3 orcs (D:2)
  6 bats
  5 giant cockroaches
  2 gnoll zombies (D:2)
  15 goblins
  6 hobgoblins
  9 jackals
  2 quokkas
  2 frilled lizards
  3 kobolds
  6 rats
79 creatures vanquished.

Notes
Turn   | Place    | Note
-------+----------+-------------------------------------------
     0 | D:1      | Peloso the Demonspawn Fighter began the quest for the Orb.
     0 | D:1      | Reached XP level 1. HP: 18/18 MP: 1/1
   228 | D:1      | Gained mutation: You have a somewhat thin skeletal structure. (Dex +2, Stealth) [demonic ancestry]
   228 | D:1      | Reached XP level 2. HP: 24/24 MP: 2/2
   368 | D:1      | Reached skill level 2 in Long Blades
   388 | D:1      | Reached XP level 3. HP: 14/29 MP: 3/3
  1394 | D:2      | Found a burning altar of Makhleb.
  1394 | D:2      | Noticed a blizzard demon
  1559 | D:2      | Found a bloodstained altar of Trog.
  1610 | D:2      | Found a basalt altar of Yredelemnul.
  1774 | D:2      | Gained mutation: You have sharp toenails. [demonic ancestry]
  1774 | D:2      | Reached XP level 4. HP: 22/35 MP: 4/4
  1943 | D:2      | Gained mutation: Your mind is acute. (Int +2) [potion of mutation]
  1943 | D:2      | Gained mutation: You have supernaturally acute eyesight. (SInv) [potion of mutation]
  1943 | D:2      | Gained mutation: You are somewhat resistant to further mutation. [potion of mutation]
  1948 | D:2      | Reached skill level 3 in Long Blades
  2169 | D:3      | Reached XP level 5. HP: 41/41 MP: 5/5
  2193 | D:3      | Noticed Sigmund
  2410 | D:3      | Killed Sigmund
  2410 | D:3      | Reached skill level 4 in Long Blades
  2410 | D:3      | Reached XP level 6. HP: 34/47 MP: 6/6
  2542 | D:3      | Noticed Robin
  2555 | D:2      | Killed Robin
  2722 | D:3      | Found a glowing silver altar of Zin.
  2805 | D:3      | Reached skill level 1 in Dodging
  2830 | D:3      | Noticed tschems's ghost (amateur HuFi)
  2857 | D:3      | Killed tschems's ghost
  3113 | D:3      | Gained mutation: You are slightly more attuned to the shadows. [demonic ancestry]
  3113 | D:3      | Reached XP level 7. HP: 53/53 MP: 7/7
  3460 | D:4      | Reached skill level 5 in Long Blades
  3520 | D:4      | Noticed a hornet
  3533 | D:4      | Paralysed by a hornet for 1 turns
  3536 | D:4      | Paralysed by a hornet for 3 turns
  3542 | D:4      | Killed a hornet
  3552 | D:4      | HP: 2/54 [poisoned by a hornet]
  3554 | D:4      | Succumbed to a hornet's poison

Skill      XL: |  1  2  3  4  5  6  7 |
---------------+----------------------+-----
Long Blades    | 2 3 4 5 |  5.5
Shields        | 3 4 |  4.2
Armour         | 3 4 |  4.5
Dodging        | 1 |  1.4
Fighting       | 4 |  4.0
Stealth        | |  0.4

Action                   |  1- 3 |  4- 6 |  7- 9 || total
-------------------------+-------+-------+-------++-------
Melee: Long sword        |   134 |   109 |    40 ||   283
       Kick              |       |    35 |    13 ||    48
  Use: Potion            |     1 |     2 |     6 ||     9
  Eat: Chunk             |     2 |     5 |     2 ||     9
Armor: Scale mail        |    32 |       |       ||    32
       Chain mail        |    38 |    89 |    23 ||   150
Dodge: Dodged            |    38 |    26 |    18 ||    82
Block: Shield            |    67 |    65 |    24 ||   156
       Rpst.: Long sword |    10 |     7 |     7 ||    24
